 Dungeon Crawl Stone Soup version 0.30-a0-953-g5f1da4a474 (webtiles) character file.

Game seed: 10580902304359493118

386294 XWhyZ the Hoplite (level 21, -3/204 HPs)
             Began as a Minotaur Fighter on Mar 27, 2023.
             Was the Champion of Jiyva.
             Killed from afar by a lich (46 damage)
             ... with a bolt of cold
             ... on level 5 of the Vaults on Mar 28, 2023.
             The game lasted 03:03:42 (33914 turns).

XWhyZ the Hoplite (Minotaur Fighter)               Turns: 33914, Time: 03:03:43

Health: -3/204     AC: 19    Str: 40    XL:     21   Next: 66%
Magic:  20/20      EV: 17    Int:  4    God:    Jiyva [******]
Gold:   2529       SH: 34    Dex: 18    Spells: 20/20 levels left

rFire   + + +      SeeInvis +    b - +12 morningstar of Distraction {protect, *Corrode rElec rF+}
rCold   . . .      Faith    .    k - +8 tower shield {rC+}
rNeg    + + +      Spirit   .    D - +0 storm dragon scales
rPois   +          Reflect  .    (helmet restricted)
rElec   +          Rampage  .    Q - +0 cloak of the Well-Known Violins {rF+ Regen+ SInv}
rCorr   +          Clarity  +    p - +0 pair of gloves of the Evening {rPois rC- rN+++ rCorr}
Will    +++..                    (no boots)
Stlth   ++++                     A - amulet of Pib Upn {Regen+ rCorr Str+4}
HPRegen 4.54/turn                P - ring of the Octopus King {rC+ HP+2 AC+2 EV+2 SH+2}
MPRegen 0.67/turn                K - ring "Zixko" {Fire rN++ Str+5 Stlth+}

@: frozen, studying Dodging, very slow
A: horns 2, retaliatory headbutt, talons 1, thin skeletal structure 2, agile 1,
clarity, fire resistance 3, strong-willed 2, regeneration 1, eyeballs 1,
pseudopods 1, jelly sensing items, MP-powered wands, engulf
}: 3/15 runes: decaying, serpentine, slimy
a: Renounce Religion, Oozemancy, Slimify


You were on level 5 of the Vaults.
You worshipped Jiyva.
Jiyva was exalted by your worship.
You visited 8 branches of the dungeon, and saw 43 of its levels.
You also visited: Ossuary, Gauntlet, Ice Cave and Desolation.

You collected 3541 gold pieces.
You spent 1012 gold pieces at shops.

Inventory:

Hand Weapons
 a - the +8 hand axe "Sarcophage" {venom, Str+4 Stlth+}
   (You found it in the Desolation of Salt)

   Str:       It affects your strength (+4).
   Stlth:     It makes you more stealthy.
 b - the +12 morningstar of Distraction (weapon) {protect, *Corrode rElec rF+}
   (You found it on level 5 of the Pits of Slime)

   rF:        It protects you from fire.
   rElec:     It insulates you from electricity.
   *Corrode:  It may corrode you when you take damage.
 c - the +8 hand axe "Kauf" {freeze, rElec rPois rF- Stlth+}
   (You found it on level 10 of the Dungeon)

   rF:        It makes you vulnerable to fire.
   rElec:     It insulates you from electricity.
   rPois:     It protects you from poison.
   Stlth:     It makes you more stealthy.
 d - the +7 dagger "Ebebe" {elec, rPois rC- Int+9 SInv}
   (You took it off a deep elf pyromancer on level 1 of the Elven Halls)

   Int:       It affects your intelligence (+9).
   rC:        It makes you vulnerable to cold.
   rPois:     It protects you from poison.
   SInv:      It lets you see invisible.
 e - a +9 heavy mace
 f - the +2 spear of the Bedazzling Gods {flame, Fly rC- rN+ Stlth+}
   (You took it off an orc on level 3 of the Dungeon)

   rC:        It makes you vulnerable to cold.
   rN:        It protects you from negative energy.
   Fly:       It grants you flight.
   Stlth:     It makes you more stealthy.
 g - the +9 war axe "Muqaum" {flame, rC+ Dex+2}
   (You found it in a Gauntlet)

   Dex:       It affects your dexterity (+2).
   rC:        It protects you from cold.
Missiles
 n - 6 datura-tipped darts (quivered)
Armour
 h - the +1 plate armour of Infinity {rF++ Will- MP+9 Int+2}
   (You found it in the Desolation of Salt)

   Int:       It affects your intelligence (+2).
   rF:        It greatly protects you from fire.
   MP:        It affects your magic capacity (+9).
   Will:      It decreases your willpower.
 k - a +8 tower shield of cold resistance (worn)
 p - the +0 pair of gloves of the Evening (worn) {rPois rC- rN+++ rCorr}
   (You found it on level 2 of the Dungeon)

   rC:        It makes you vulnerable to cold.
   rPois:     It protects you from poison.
   rN:        It renders you almost immune to negative energy.
   rCorr:     It protects you from acid and corrosion.
 D - +0 storm dragon scales (worn)
 Q - the +0 cloak of the Well-Known Violins (worn) {rF+ Regen+ SInv}
   (You found it on level 10 of the Dungeon)

   rF:        It protects you from fire.
   SInv:      It lets you see invisible.
   Regen:     It increases your rate of health regeneration.
Jewellery
 A - the amulet of Pib Upn (around neck) {Regen+ rCorr Str+4}
   (You found it on level 5 of the Pits of Slime)

   [amulet of regeneration]

   Str:       It affects your strength (+4).
   Regen:     It increases your rate of health regeneration.
   rCorr:     It protects you from acid and corrosion.
 C - the ring of Eternal Harmony {rN+ MP+9 Str+3 Dex-2}
   (You found it in the Desolation of Salt)

   [ring of positive energy]

   Str:       It affects your strength (+3).
   Dex:       It affects your dexterity (-2).
   rN:        It protects you from negative energy.
   MP:        It affects your magic capacity (+9).
 E - the ring "Feewip" {Fly rPois Int+2}
   (You found it on level 9 of the Dungeon)

   [ring of flight]

   Int:       It affects your intelligence (+2).
   rPois:     It protects you from poison.
   Fly:       It grants you flight.
 K - the ring "Zixko" (right hand) {Fire rN++ Str+5 Stlth+}
   (You found it on level 5 of the Pits of Slime)

   [ring of fire]

   It enhances your fire magic.
   Str:       It affects your strength (+5).
   rF:        It protects you from fire.
   rC:        It makes you vulnerable to cold.
   rN:        It greatly protects you from negative energy.
   Stlth:     It makes you more stealthy.
 P - a ring of the Octopus King (left hand) {rC+ HP+2 AC+2 EV+2 SH+2}
   (You found it on level 10 of the Dungeon)

   [ring of protection from cold]

   AC:        It affects your AC (+2).
   EV:        It affects your evasion (+2).
   rC:        It protects you from cold.
   HP:        It affects your health (+2).
   SH:        It affects your SH (+2).
Wands
 t - a wand of acid (38)
 u - a wand of roots (39)
 w - a wand of polymorph (10)
 x - a wand of mindburst (24)
 z - a wand of flame (27)
 I - a wand of paralysis (12)
 T - a wand of digging (13)
Scrolls
 i - 5 scrolls of magic mapping
 m - a scroll of brand weapon
 s - 3 scrolls of enchant weapon
 y - 4 scrolls of fear
 F - 3 scrolls of poison
 J - 7 scrolls of fog
 N - a scroll of silence
 U - 5 scrolls of blinking
 V - 10 scrolls of teleportation
Potions
 j - 12 potions of curing
 l - 8 potions of heal wounds
 o - 3 potions of invisibility
 q - 4 potions of might
 r - 2 potions of cancellation
 H - a potion of ambrosia
 L - a potion of flight
 S - 2 potions of haste
 W - 3 potions of berserk rage
 Y - a potion of magic
Miscellaneous
 v - a box of beasts
 B - a tin of tremorstones (2/2)
 G - a condenser vane
 O - a phial of floods
 X - a piece from Xom's chessboard (15/15)


   Skills:
 + Level 20.4 Fighting
 + Level 19.3(21.9) Axes
 * Level 12.6(17.4) Maces & Flails
 + Level 13.2(17.9) Polearms
 + Level 18.6 Armour
 + Level 9.0 Dodging
 + Level 9.0 Stealth
 + Level 23.6 Shields
 * Level 10.2 Evocations


You had 20 spell levels left.
You didn't know any spells.
Your spell library contained the following spells:

 Spells                   Type           Power      Damage    Failure   Level
 Apportation              Tloc           0%         N/A       87%         1
 Necrotise                Necr           0%         1d4       87%         1
 Summon Small Mammal      Summ           0%         N/A       87%         1
 Blink                    Tloc           0%         N/A       95%         2
 Cigotuvi's Dreadful Rot  Necr/Pois/Air  0%         N/A       95%         2
 Lesser Beckoning         Tloc           0%         N/A       95%         2
 Momentum Strike          Conj/Tloc      0%         3d8       95%         2
 Wereblood                Tmut           0%         N/A       95%         2
 Kindle Blastsparks       Fire/Tloc/Air  0%         2d10      99%         3
 Ozocubu's Armour         Ice            0%         N/A       99%         3
 Portal Projectile        Hex/Tloc       0%         N/A       99%         3
 Spider Form              Tmut/Pois      0%         N/A       99%         3
 Tukima's Dance           Hex            0%         N/A       99%         3
 Vhi's Electric Charge    Tloc/Air       0%         N/A       99%         3
 Animate Dead             Necr           0%         N/A       100%        4
 Dispel Undead            Necr           0%         3d6       100%        4
 Fulminant Prism          Conj/Hex       0%         3d5       100%        4
 Iskenderun's Mystic Bla  Conj/Tloc      0%         2d3       100%        4
 Arcjolt                  Conj/Air       0%         1d10      100%        5
 Blade Hands              Tmut           0%         N/A       100%        5
 Borgnjor's Vile Clutch   Necr/Erth      0%         N/A       100%        5
 Irradiate                Conj/Tmut      0%         3d11      100%        5
 Lee's Rapid Deconstruct  Erth           0%         3d4*      100%        5
 Metabolic Englaciation   Hex/Ice        0%         N/A       100%        5
 Yara's Violent Unravell  Hex/Tmut       0%         3d3       100%        5
 Death Channel            Necr           0%         N/A       100%        6
 Simulacrum               Ice/Necr       0%         N/A       100%        6
 Enfeeble                 Hex            0%         N/A       100%        7
 Malign Gateway           Summ/Tloc      0%         N/A       100%        7
 Ozocubu's Refrigeration  Ice            0%         4d7       100%        7
 Summon Horrible Things   Summ           0%         N/A       100%        8


Dungeon Overview and Level Annotations

Branches:
Dungeon (15/15)            Temple (0/1) D:7            Lair (5/5) D:11
  Swamp (4/4) Lair:2        Snake (4/4) Lair:3        Slime (5/5) Lair:5
    Orc (2/2) D:10            Elf (3/3) Orc:2        Vaults (5/5) D:13
  Crypt (0/3) Vaults:2     Depths (0/4) D:15        Ossuary (visited)
  IceCv (visited)         Desolation (visited)      Gauntlet (visited)

Altars:
Fedhas
Hepliaklqana
Sif Muna
Trog
Xom
Yredelemnul
Zin
Jiyva

Shops:
D:3 *   D:5 =   D:14 *   Orc:2 ?(=?   Elf:2 [[!!   Snake:2 (   Snake:4 ==:
Vaults:4 [

Portals:
Trove: Vaults:4 (give 12 potions of heal wounds)

Annotations:
D:5 3 runed translucent doors, Palms's ghost, amateur DrVM
Lair:5 exclusions: obsidian statue and oklob plant
Slime:5 Royal Jelly
Elf:2 3 runed translucent doors


Innate Abilities, Weirdness & Mutations

You have a pair of horns on your head.
You reflexively headbutt those who attack you in melee.
You have sharp toenails.
You have a moderately thin skeletal structure. (Dex +4, Stealth++)
You are agile. (Dex +4, Str/Int -1)
You possess an exceptional clarity of mind.
Your flesh is almost immune to the effects of heat. (rF+++)
You are highly strong-willed. (Will++)
Your natural rate of healing is unusually fast.
Your body has grown eyes which may confuse attackers. (Acc +3)
Armour fits poorly on your pseudopods.
You have a small jelly attached to you that senses nearby items.
You expend magic power (3 MP) to strengthen your wands.
Your melee attacks may engulf your foes in ooze.


Message History

You block the frost giant's attack.
You impale the frost giant!!
You claw the frost giant, but do no damage.
You bludgeon the frost giant, but do no damage.
The frost giant is almost dead.
You block the lich's attack.
The frost giant gestures at you while chanting.
The bolt of cold misses you.
The ironbound frostheart attacks as you move away!
You block the ironbound frostheart's attack.
The deep elf death mage beckons forth a restless soul!
You block the lich's attack.
You barely miss the lich. Your kick misses the lich.
Your headbutt misses the lich. You bludgeon the lich.
The lich is lightly damaged.
You block the lich's attack.
The ironbound frostheart calls freezing cold from the walls.
The frost grips you!
You are encased in ice.
You completely miss the lich. You claw the lich, but do no damage.
You headbutt the lich.
The lich is lightly damaged.
You block the lich's attack.
Unknown command.
You barely miss the frost giant. You headbutt the frost giant!
You bludgeon the frost giant, but do no damage.
The frost giant is almost dead.
The titan waves its arms in wide circles.
The air twists around and strikes you!!
* * * LOW HITPOINT WARNING * * *
The frost giant points at you and mumbles some strange words.
The bolt of cold hits you!!
* * * LOW HITPOINT WARNING * * *
The lich launches a ball of destructive magic.
The wavering orb of destruction weakly hits you!
* * * LOW HITPOINT WARNING * * *
You feel much better. The lich casts a spell at you.
The bolt of cold hits you!!!
You die...

#..# #..# #..#..#
#..#..# +..#..#
#..#..#
.#####T.#..#
.......L#@C#
.O.....)#Le#
......O(pC*#
############*.p.#
................#
........).......#
.......)).......#
.........C......#
############....#


You could see a titan, a frost giant (strong), a fire giant (fleeing, very
poisoned), a lich (fast, invisible), a deep elf death mage, an ironbound
frostheart (poisoned), an ironbound convoker and 2 lost souls.

Vanquished Creatures
  A dread lich (Vaults:5)
  2 golden dragons (Vaults:5)
  Nikola (Swamp:3)
  2 tentacled monstrosities
  Rupert (Lair:3)
  2 quicksilver dragons (Vaults:5)
  Asterion (Elf:2)
  2 deep elf blademasters
  A sphinx (Vaults:5)
  Gastronok (D:9)
  5 tengu reavers
  A thorn hunter (Swamp:3)
  2 storm dragons (Vaults:5)
  6 nagarajas
  Kirke (Snake:1)
  The ghost of Rudyous the Thaumaturge, an adept GnFE of Cheibriados (Swamp:1)
  A frost giant (Vaults:5)
  A fenstrider witch (Swamp:4)
  Aizul (Snake:4)
  A fire giant (Vaults:5)
  A deep elf sorcerer (Elf:1)
  10 vault wardens
  An imperial myrmidon (Desolation)
  An iron dragon (Vaults:5)
  12 ironbound preservers
  A deep elf elementalist (Elf:3)
  2 war gargoyles
  8 very ugly things
  7 ironbound thunderhulks
  The ghost of DeathPants the Severer, a journeyman VSFi of Gozag (Lair:5)
  4 stone giants
  A deep elf demonologist (Elf:3)
  A minotaur (Gauntlet)
  7 eleionomae
  17 dire elephants
  5 bunyips
  A halazid warlock (Desolation)
  5 ettins (Vaults:5)
  2 deep elf death magi
  2 entropy weavers
  Josephine (Snake:1)
  3 fire dragons (Swamp:4)
  2 crystal guardians (Desolation)
  16 yaktaur captains
  A spectral fenstrider witch (Swamp:1)
  A deep elf high priest (Elf:3)
  The ghost of Lacaf the Fighter, a journeyman DsBe of Trog (D:11)
  Fannar (D:12)
  4 ragged hierophants (Desolation)
  The ghost of dracfodder the Cleaver, a journeyman FoFi of Okawaru (Lair:2)
  Erica (D:8)
  21 hydras
  Erolcha (Orc:1)
  9 servants of whispers (Desolation)
  25 vault guards
  13 centaur warriors
  8 peacekeepers
  11 salamander tyrants
  4 boulder beetles
  9 anacondas
  12 two-headed ogres
  5 ghost crabs
  3 ogre magi
  15 ironbound frosthearts
  29 dancing weapons
  A death scarab (Gauntlet)
  A death yak (Lair:5)
  11 naga warriors
  Urug (Lair:2)
  11 alligators
  A vampire mage (Vaults:2)
  7 naga sharpshooters
  2 tengu warriors (D:13)
  2 shock serpents
  10 deep elf knights
  2 fire crabs (Swamp:4)
  A skyshark (Lair:5)
  7 salamander mystics
  A fire crab (shapeshifter) (D:13)
  3 spectral death yaks
  4 spriggan druids
  7 swamp dragons
  6 naga ritualists
  3 goliath frogs
  A spectral anaconda (Lair:5)
  7 orc knights
  3 wizards
  32 deep trolls
  4 bog bodies
  21 ironbound convokers
  An obsidian statue (Vaults:4)
  17 deep elf zephyrmancers
  9 lindwurms (Vaults:1)
  A harpy (Vaults:2)
  A phantasmal warrior (Vaults:2)
  Pikel (D:8)
  23 deep elf pyromancers
  15 deep elf archers
  10 mana vipers
  5 necromancers
  A cyclops (D:13)
  A spectral spriggan (Swamp:1)
  A wolf spider (Lair:5)
  2 will-o-the-wisps (Swamp:4)
  6 manticores
  11 salamanders
  19 ugly things
  A frost giant skeleton (Vaults:4)
  37 black mambas
  A guardian serpent (shapeshifter) (D:13)
  An ice statue (IceCv)
  A molten gargoyle (Desolation)
  11 guardian serpents
  17 vault sentinels
  A dire elephant zombie (Lair:5)
  4 gargoyles
  13 naga magi
  Maurice (D:8)
  10 elephants (Lair:5)
  A torpor snail (Lair:5)
  8 cane toads
  4 freezing wraiths
  9 komodo dragons
  2 efreet (D:15)
  2 kobold demonologists
  8 rime drakes
  38 yaktaurs
  A tengu conjurer (D:13)
  2 anaconda simulacra (IceCv)
  3 meliai (D:15)
  9 tyrant leeches
  8 trolls
  4 polar bears
  2 tarantellas (shapeshifter)
  9 hornets
  2 dream sheep (Lair:5)
  69 saltlings (Desolation)
  18 blink frogs
  2 centaur simulacra
  A culicivora (Vaults:3)
  A stone giant simulacrum (Vaults:4)
  3 air elementals (Elf:1)
  10 spriggans
  3 shadows
  49 yaks
  2 water elementals
  A dire elephant simulacrum (IceCv)
  9 wyverns
  3 hogs (Snake:1)
  6 basilisks
  3 fire bats (Swamp:4)
  2 spectral komodo dragons (Gauntlet)
  Eustachio (D:5)
  8 wraiths
  3 redbacks
  2 steam dragons (Swamp:4)
  2 death yak simulacra
  A warg (shapeshifter) (Vaults:5)
  17 vampire mosquitoes
  29 nagas
  20 swamp worms
  3 wargs
  2 acid dragons
  11 swamp drakes
  A hell hound (D:15)
  3 hydra simulacra
  28 water moccasins
  A glowing shapeshifter skeleton (Vaults:4)
  A meliai simulacrum (D:12)
  A sky beast (D:8)
  28 orc warriors
  10 ice beasts
  A black bear (D:7)
  10 wolves
  A boggart (shapeshifter) (Vaults:5)
  2 elephant zombies (Lair:5)
  16 centaurs
  12 ogres
  An elephant skeleton (Lair:5)
  2 lemures (D:8)
  4 kobold brigands
  6 bullfrogs
  3 scorpions
  4 gnoll sergeants
  2 earth elementals (Elf:1)
  5 cane toad simulacra
  8 two-headed ogre simulacra (IceCv)
  10 wights
  13 killer bees
  A jelly (Swamp:2)
  3 elephant simulacra
  3 howler monkeys
  4 electric eels (Lair:5)
  3 lava snakes (Lair:5)
  3 hounds
  2 gnoll boudas
  8 orc priests
  15 hell rats
  4 iguanas
  18 orc wizards
  2 polar bear simulacra (IceCv)
  5 troll simulacra (IceCv)
  4 spriggan simulacra (IceCv)
  3 wolf simulacra (IceCv)
  8 mummies (Ossuary)
  Robin (D:4)
  26 gnolls
  6 adders
  3 naga simulacra (IceCv)
  25 white imps
  6 ufetubi
  A dart slug (D:4)
  65 orcs
  3 bats
  An endoplasm (D:1)
  3 giant cockroaches
  7 goblins
  5 hobgoblins
  A jackal (D:4)
  A quokka (D:3)
  5 frilled lizards
  2 gnoll zombies (Ossuary)
  A hobgoblin zombie (Ossuary)
  10 kobolds
  2 kobold zombies (Ossuary)
  2 orc zombies (Ossuary)
  2 rats
  6 briar patches (Swamp:3)
1527 creatures vanquished.

Vanquished Creatures (collateral kills)
  2 fenstrider witches
  A dancing weapon (Elf:1)
  An alligator (Swamp:3)
  A deep elf archer (Elf:1)
  A deep elf pyromancer (Elf:1)
  A will-o-the-wisp (Swamp:3)
  Maggie (D:6)
8 creatures vanquished.

Vanquished Creatures (others)
  2 great orbs of eyes
  A yaktaur captain (Vaults:3)
  A spectral fenstrider witch (Swamp:1)
  5 deep elf knights
  A fire crab (Swamp:4)
  A spriggan druid (Swamp:4)
  2 glowing orange brains
  2 wizards
  An ironbound convoker (Vaults:1)
  A deep elf pyromancer (Elf:1)
  A vault sentinel (Vaults:3)
  A torpor snail (shapeshifter) (Vaults:3)
  4 yaktaurs
  A bunyip simulacrum (Swamp:1)
  11 slime creatures
  A bloated husk (Swamp:1)
  A tyrant leech (shapeshifter) (Vaults:5)
  A saltling (Desolation)
  A spriggan (Swamp:4)
  A shadow (D:10)
  A yak (D:10)
  A wraith (D:11)
  A water elemental (Elf:1)
  2 humans (Snake:1)
  A steam dragon (Swamp:4)
  A naga (Snake:4)
  A hydra simulacrum (Swamp:1)
  A floating eye (shapeshifter) (Vaults:5)
  A water moccasin (D:8)
  An ogre (D:6)
  An orc warrior (D:10)
  A kobold brigand (D:10)
  A killer bee (D:10)
  A bullfrog zombie (D:5)
  A hound (D:4)
  161 jellies
  5 orc priests
  An iguana (D:6)
  5 orc wizards
  7 gnolls
  4 adders
  2 ufetubi
  3 endoplasms
  30 orcs
  2 giant cockroaches
  2 goblins
  A hobgoblin (D:4)
  8 kobolds
  An orc zombie (Ossuary)
  8 foxfires (Swamp:4)
  26 fungi
  10 pillars of salt (Vaults:4)
  86 plants
  28 withered plants
446 creatures vanquished.

Grand Total: 1981 creatures vanquished

Notes
Turn   | Place    | Note
-------+----------+-------------------------------------------
     0 | D:1      | XWhyZ the Minotaur Fighter began the quest for the Orb.
     0 | D:1      | Reached XP level 1. HP: 19/19 MP: 0/0
    38 | D:1      | Found a faded altar of an unknown god.
    79 | D:1      | Prayed at the altar of an unknown god.
    79 | D:1      | Became a worshipper of Jiyva Jyfawink the Shapeless
    79 | D:1      | Reached * piety under Jiyva
   335 | D:1      | Reached ** piety under Jiyva
   385 | D:1      | Reached XP level 2. HP: 27/27 MP: 1/1
   869 | D:2      | Identified the +0 pair of gloves of the Evening {rPois rC-
                  | rN+++ rCorr}
   958 | D:2      | Reached *** piety under Jiyva
  1341 | D:2      | Reached skill level 4 in Shields
  1341 | D:2      | Reached XP level 3. HP: 33/33 MP: 2/2
  1706 | D:3      | Reached XP level 4. HP: 40/40 MP: 3/3
  1761 | D:3      | Found Zin's Purification Station.
  1763 | D:3      | Found a glowing silver altar of Zin.
  1798 | D:3      | Gained mutation: You are robust. (+10% HP) [Jiyva's grace]
  1798 | D:3      | Gained mutation: You are very robust. (+20% HP) [Jiyva's
                  | grace]
  1798 | D:3      | Gained mutation: You are extremely robust. (+30% HP)
                  | [Jiyva's grace]
  1798 | D:3      | Gained mutation: Armour fits poorly on your pseudopods.
                  | [Jiyva's grace]
  1899 | D:3      | Noticed a scorpion
  1906 | D:3      | Killed a scorpion
  1907 | D:3      | Reached skill level 5 in Armour
  1907 | D:3      | Reached skill level 1 in Dodging
  1907 | D:3      | Reached XP level 5. HP: 59/59 MP: 4/4
  1923 | D:3      | Identified the +2 spear of the Bedazzling Gods {flame, Fly
                  | rC- rN+ Stlth+}
  1980 | D:3      | Reached **** piety under Jiyva
  2631 | D:4      | Noticed Robin
  2645 | D:4      | Killed Robin
  2872 | D:4      | Reached ***** piety under Jiyva
  3150 | D:4      | Reached skill level 1 in Polearms
  3150 | D:4      | Reached XP level 6. HP: 66/68 MP: 5/5
  3321 | D:5      | Entered Level 5 of the Dungeon
  3321 | D:5      | Noticed Eustachio
  3330 | D:5      | Killed Eustachio
  3331 | D:5      | Reached skill level 5 in Shields
  3336 | D:5      | Reached XP level 7. HP: 78/78 MP: 6/6
  3370 | D:5      | Found Roithrion's Jewellery Shop.
  3476 | D:5      | Found a runed translucent gate.
  3476 | D:5      | Found a runed translucent gate.
  3552 | D:5      | Lost mutation: You are extremely robust. (+30% HP) [Jiyva's
                  | grace]
  3552 | D:5      | Gained mutation: Your translucent skin slightly reduces
                  | your foes' accuracy. (Stealth+) [Jiyva's grace]
  3552 | D:5      | Gained mutation: Your translucent skin reduces your foes'
                  | accuracy. (Stealth+) [Jiyva's grace]
  3552 | D:5      | Gained mutation: Your transparent skin significantly
                  | reduces your foes' accuracy. (Stealth+) [Jiyva's grace]
  3552 | D:5      | Gained mutation: You have a small jelly attached to you
                  | that may absorb projectiles. [Jiyva's grace]
  3757 | D:5      | Found a runed translucent gate.
  3759 | D:5      | Noticed Palms's ghost (amateur DrVM)
  3854 | D:5      | Reached skill level 5 in Fighting
  4252 | D:6      | Found a sand-covered staircase.
  4259 | Ossuary  | Entered an ossuary
  4475 | D:6      | Reached XP level 8. HP: 81/81 MP: 7/7
  4568 | D:6      | Reached skill level 5 in Polearms
  4573 | D:6      | Noticed Maggie
  4589 | D:6      | Killed Maggie
  4756 | D:6      | Reached ****** piety under Jiyva
  4871 | D:6      | Reached skill level 6 in Shields
  5269 | D:7      | Reached XP level 9. HP: 90/90 MP: 8/8
  5278 | D:7      | Lost mutation: You are very robust. (+20% HP) [Jiyva's
                  | grace]
  5278 | D:7      | Lost mutation: You are robust. (+10% HP) [Jiyva's grace]
  5278 | D:7      | Gained mutation: You have a pair of large horns on your
                  | head. [Jiyva's grace]
  5278 | D:7      | Gained mutation: Your melee attacks may engulf your foes in
                  | ooze. [Jiyva's grace]
  5278 | D:7      | Gained mutation: Armour fits poorly on your large
                  | pseudopods. [Jiyva's grace]
  5278 | D:7      | Gained mutation: Armour fits poorly on your massive
                  | pseudopods. [Jiyva's grace]
  5700 | D:7      | Found a staircase to the Ecumenical Temple.
  6023 | D:8      | Noticed Pikel
  6072 | D:8      | Killed Pikel
  6073 | D:8      | Reached skill level 7 in Shields
  6133 | D:8      | Noticed Erica
  6142 | D:8      | Killed Erica
  6143 | D:8      | Reached skill level 10 in Polearms
  6143 | D:8      | Reached skill level 10 in Armour
  6143 | D:8      | Reached XP level 10. HP: 81/88 MP: 9/9
  6225 | D:8      | Noticed Maurice
  6227 | D:8      | Paralysed by Maurice for 2 turns
  6232 | D:8      | Killed Maurice
  6685 | D:9      | Lost mutation: Armour fits poorly on your massive
                  | pseudopods. [Jiyva's grace]
  6685 | D:9      | Lost mutation: Your transparent skin significantly reduces
                  | your foes' accuracy. (Stealth+) [Jiyva's grace]
  6685 | D:9      | Lost mutation: Your translucent skin reduces your foes'
                  | accuracy. (Stealth+) [Jiyva's grace]
  6685 | D:9      | Lost mutation: Your melee attacks may engulf your foes in
                  | ooze. [Jiyva's grace]
  6685 | D:9      | Gained mutation: You are resistant to electric shocks.
                  | (rElec) [Jiyva's grace]
  6685 | D:9      | Gained mutation: You are strong-willed. (Will+) [Jiyva's
                  | grace]
  6685 | D:9      | Gained mutation: You are highly strong-willed. (Will++)
                  | [Jiyva's grace]
  6685 | D:9      | Gained mutation: You are extremely strong-willed. (Will+++)
                  | [Jiyva's grace]
  6777 | D:9      | Noticed Gastronok
  6798 | D:9      | Killed Gastronok
  6799 | D:9      | Reached skill level 8 in Shields
  7029 | D:9      | Identified the ring "Feewip" {Fly rPois Int+2}
  7128 | D:10     | Entered Level 10 of the Dungeon
  7272 | D:10     | Noticed a gargoyle
  7286 | D:10     | Killed a gargoyle
  7321 | D:10     | Found a staircase to the Orcish Mines.
  7346 | D:10     | Reached XP level 11. HP: 82/97 MP: 10/10
  7567 | D:10     | Identified the +8 hand axe "Kauf" {freeze, rElec rPois rF-
                  | Stlth+}
  7638 | D:10     | Found the ring of the Octopus King
  7642 | D:10     | Identified a ring of the Octopus King {rC+ HP+2 AC+2 EV+2
                  | SH+2}
  7645 | D:10     | Identified the +0 cloak of the Well-Known Violins {rF+
                  | Regen+ SInv}
  7669 | D:10     | Identified the amulet of Dooluc {Faith Will+ Regen+ MP+9
                  | Stlth+}
  7827 | D:10     | Reached skill level 5 in Axes
  7927 | D:10     | Noticed a stone giant
  7936 | D:10     | Killed a stone giant
  8026 | Orc:1    | Entered Level 1 of the Orcish Mines
  8026 | Orc:1    | Noticed an orc knight
  8045 | Orc:1    | Killed an orc knight
  8046 | Orc:1    | Reached skill level 10 in Fighting
  8049 | Orc:1    | Noticed Erolcha
  8062 | Orc:1    | Killed Erolcha
  8180 | Orc:2    | Entered Level 2 of the Orcish Mines
  8219 | Orc:2    | Found a staircase to the Elven Halls.
  8220 | Orc:2    | Noticed a two-headed ogre
  8226 | Orc:2    | Killed a two-headed ogre
  8232 | Orc:2    | Reached skill level 9 in Shields
  8255 | Orc:2    | Noticed an orc knight
  8270 | Orc:2    | Killed an orc knight
  8277 | Orc:2    | Reached XP level 12. HP: 82/107 MP: 11/11
  8324 | Orc:2    | Found Nereczij's Jewellery Boutique.
  8324 | Orc:2    | Found Wajyuch's Antique Weapon Shoppe.
  8324 | Orc:2    | Found Paomexem's Magic Scroll Emporium.
  8339 | Orc:2    | Found Fejusin's Magic Scroll Shop.
  8343 | Orc:2    | Bought a scroll of fear for 44 gold pieces
  8343 | Orc:2    | Bought a scroll of teleportation for 33 gold pieces
  8348 | Orc:2    | Bought a scroll of blinking for 127 gold pieces
  8348 | Orc:2    | Bought a scroll of identify for 34 gold pieces
  8816 | Elf:1    | Entered Level 1 of the Elven Halls
  8833 | Elf:1    | Reached skill level 10 in Axes
  8857 | Elf:1    | Reached skill level 10 in Shields
  8953 | Elf:1    | Lost mutation: You have a pair of large horns on your head.
                  | [Jiyva's grace]
  8953 | Elf:1    | Lost mutation: You are extremely strong-willed. (Will+++)
                  | [Jiyva's grace]
  8953 | Elf:1    | Gained mutation: You have hidden genetic potential.
                  | [Jiyva's grace]
  8953 | Elf:1    | Gained mutation: You have great hidden genetic potential.
                  | [Jiyva's grace]
  8953 | Elf:1    | Gained mutation: Your spells are a little harder to cast,
                  | but a little more powerful. [Jiyva's grace]
  8953 | Elf:1    | Gained mutation: Your spells are harder to cast, but more
                  | powerful. [Jiyva's grace]
  8953 | Elf:1    | Paralysed by an air elemental for 1 turns
  9119 | Elf:1    | Reached XP level 13. HP: 107/116 MP: 12/12
  9161 | Elf:1    | Identified the +7 dagger "Ebebe" {elec, rPois rC- Int+9
                  | SInv}
  9203 | Elf:1    | Reached skill level 1 in Maces & Flails
  9336 | Orc:2    | Bought a fading morningstar for 306 gold pieces
  9336 | Orc:2    | Identified the +3 morningstar "Ovyuq" {venom, rElec rF+
                  | rN+} (You bought it in a shop on level 2 of the Orcish
                  | Mines)
  9340 | Orc:2    | Bought a scroll of brand weapon for 161 gold pieces
  9340 | Orc:2    | Bought a scroll of enchant weapon for 127 gold pieces
  9463 | D:11     | Found a gate leading to a gauntlet.
  9597 | D:11     | Noticed Lacaf's ghost (journeyman DsBe)
  9621 | D:11     | Found a runed translucent gate.
  9621 | D:11     | Found a runed translucent gate.
  9621 | D:11     | Found a runed translucent gate.
  9672 | Gauntlet | Entered a Gauntlet
  9672 | Gauntlet | Found a transporter.
  9682 | Gauntlet | Found a transporter.
  9682 | Gauntlet | Found a transporter.
  9691 | Gauntlet | Found a transporter.
  9706 | Gauntlet | Found a transporter.
  9711 | Gauntlet | Found a transporter.
  9731 | Gauntlet | Found a transporter.
  9742 | Gauntlet | Found a transporter.
  9757 | Gauntlet | Found a transporter.
  9768 | Gauntlet | Found the macabre finger necklace {Finger+ rN+}
  9769 | Gauntlet | Found a transporter.
  9782 | Gauntlet | Found a transporter.
  9794 | Gauntlet | Found a transporter.
  9811 | Gauntlet | Found a transporter.
  9828 | Gauntlet | Found a transporter.
  9830 | Gauntlet | Found a transporter.
  9865 | Gauntlet | Found a transporter.
  9871 | Gauntlet | Found a transporter.
  9918 | Gauntlet | a catoblepas changed into an acid blob
  9918 | Gauntlet | Noticed an acid blob
  9933 | Gauntlet | Found a transporter.
 10046 | Gauntlet | Gained mutation: Your muscles are strong. (Str +4, Int/Dex
                  | -1) [hidden potential]
 10062 | Gauntlet | Identified the staff of poison "Liaf" {*Corrode rPois Int+3
                  | Dex+5}
 10062 | Gauntlet | Noticed a minotaur
 10076 | Gauntlet | Killed a minotaur
 10088 | Gauntlet | Identified the +9 war axe "Muqaum" {flame, rC+ Dex+2}
 10187 | D:11     | Found a staircase to the Lair.
 10206 | D:11     | Reached skill level 11 in Shields
 10312 | D:11     | Found a blossoming altar of Fedhas.
 10496 | D:11     | Reached skill level 15 in Armour
 10501 | D:11     | Killed Lacaf's ghost
 10549 | Lair:1   | Entered Level 1 of the Lair of Beasts
 10707 | Lair:1   | You are sucked into a shaft and drop 1 floor!
 10707 | Lair:2   | Found a staircase to the Swamp.
 10759 | Lair:2   | Noticed Urug
 10780 | Lair:2   | Killed Urug
 10796 | Lair:2   | Lost mutation: Your muscles are strong. (Str +4, Int/Dex
                  | -1) [Jiyva's grace]
 10796 | Lair:2   | Lost mutation: Your translucent skin slightly reduces your
                  | foes' accuracy. (Stealth+) [Jiyva's grace]
 10796 | Lair:2   | Lost mutation: You have great hidden genetic potential.
                  | [Jiyva's grace]
 10796 | Lair:2   | Gained mutation: You have large cloven feet. [Jiyva's
                  | grace]
 10796 | Lair:2   | Gained mutation: You have hoof-like feet. [Jiyva's grace]
 10796 | Lair:2   | Gained mutation: You have hooves in place of feet. [Jiyva's
                  | grace]
 10796 | Lair:2   | Gained mutation: You are extremely strong-willed. (Will+++)
                  | [Jiyva's grace]
 10814 | Lair:2   | Reached XP level 14. HP: 104/127 MP: 13/13
 10843 | Lair:2   | Found a runed translucent door.
 10844 | Lair:2   | Noticed dracfodder's ghost (journeyman FoFi)
 10867 | Lair:2   | Killed dracfodder's ghost
 11554 | Lair:3   | Noticed Rupert
 11572 | Lair:3   | Killed Rupert
 11626 | Lair:3   | Lost mutation: You are extremely strong-willed. (Will+++)
                  | [Jiyva's grace]
 11626 | Lair:3   | Lost mutation: You are highly strong-willed. (Will++)
                  | [Jiyva's grace]
 11626 | Lair:3   | Lost mutation: You are resistant to electric shocks.
                  | (rElec) [Jiyva's grace]
 11626 | Lair:3   | Lost mutation: You have a small jelly attached to you that
                  | may absorb projectiles. [Jiyva's grace]
 11626 | Lair:3   | Gained mutation: Your body has grown eyes which may confuse
                  | attackers. (Acc +3) [Jiyva's grace]
 11626 | Lair:3   | Gained mutation: Your body has grown many eyes which may
                  | confuse attackers. (Acc +5) [Jiyva's grace]
 11626 | Lair:3   | Gained mutation: Your body is covered in eyes which may
                  | confuse attackers. (Acc +7, SInv) [Jiyva's grace]
 11626 | Lair:3   | Gained mutation: You have acidic saliva. [Jiyva's grace]
 11814 | Lair:3   | Reached skill level 12 in Shields
 11855 | Lair:3   | Found a shimmering altar of Xom.
 11893 | Lair:3   | Found a staircase to the Snake Pit.
 11908 | Lair:3   | Gained mutation: You have a somewhat thin skeletal
                  | structure. (Dex +2, Stealth+) [hidden potential]
 11908 | Lair:3   | Lost mutation: You have hidden genetic potential. [hidden
                  | potential expressed]
 12143 | Lair:4   | Reached skill level 1 in Stealth
 13021 | Lair:5   | Entered Level 5 of the Lair of Beasts
 13025 | Lair:5   | Found a staircase to the Slime Pits.
 13101 | Lair:5   | Found a transporter.
 13223 | Lair:5   | Lost mutation: You have hooves in place of feet. [Jiyva's
                  | grace]
 13223 | Lair:5   | Lost mutation: You are strong-willed. (Will+) [Jiyva's
                  | grace]
 13223 | Lair:5   | Lost mutation: Armour fits poorly on your large pseudopods.
                  | [Jiyva's grace]
 13223 | Lair:5   | Gained mutation: You are partially covered in iridescent
                  | scales. (AC +2) [Jiyva's grace]
 13223 | Lair:5   | Gained mutation: You are mostly covered in iridescent
                  | scales. (AC +4) [Jiyva's grace]
 13223 | Lair:5   | Gained mutation: You are completely covered in iridescent
                  | scales. (AC +6) [Jiyva's grace]
 13223 | Lair:5   | Gained mutation: You are agile. (Dex +4, Str/Int -1)
                  | [Jiyva's grace]
 13322 | Lair:5   | Reached skill level 13 in Shields
 13339 | Lair:5   | Identified the +7 quarterstaff of Due Proportion {freeze,
                  | rC++ Str-5 Int+8 Stlth+}
 13470 | Lair:5   | Reached skill level 15 in Axes
 13516 | Lair:5   | Identified the +4 arbalest "Arcanum" {freeze, Stlth+}
 13564 | Lair:5   | Reached XP level 15. HP: 138/138 MP: 14/14
 13614 | Lair:5   | Noticed DeathPants's ghost (journeyman VSFi)
 13623 | Lair:5   | Found a transporter.
 13652 | Lair:5   | Killed DeathPants's ghost
 13718 | Lair:5   | Identified the +5 rapier of the Wilderness {vamp, rPois}
 14647 | D:12     | Found a frozen archway.
 14650 | D:12     | Identified the +9 falchion of Moral Flaws {antimagic, rF+
                  | rC+}
 14671 | IceCv    | Entered an ice cave
 14968 | IceCv    | Identified the +0 falchion "Zerist" {freeze, rCorr Str+2
                  | Int+5 Stlth-}
 14972 | IceCv    | Got the Almanac of the Icicle
 15645 | D:12     | Noticed Fannar
 15656 | D:12     | Killed Fannar
 15974 | D:13     | Reached skill level 15 in Fighting
 16053 | D:13     | Lost mutation: You have hoof-like feet. [Jiyva's grace]
 16053 | D:13     | Lost mutation: You are completely covered in iridescent
                  | scales. (AC +6) [Jiyva's grace]
 16053 | D:13     | Lost mutation: You are agile. (Dex +4, Str/Int -1) [Jiyva's
                  | grace]
 16053 | D:13     | Gained mutation: You have a pair of large horns on your
                  | head. [Jiyva's grace]
 16053 | D:13     | Gained mutation: You have a small jelly attached to you
                  | that may absorb projectiles. [Jiyva's grace]
 16053 | D:13     | Gained mutation: You possess an exceptional clarity of
                  | mind. [Jiyva's grace]
 16053 | D:13     | Gained mutation: Your translucent skin slightly reduces
                  | your foes' accuracy. (Stealth+) [Jiyva's grace]
 16157 | D:13     | Found a gate to the Vaults.
 16167 | D:13     | Reached skill level 5 in Stealth
 16168 | D:13     | Reached skill level 14 in Shields
 16634 | D:14     | Found Toli Miu's General Store.
 16642 | D:14     | Bought a potion of heal wounds for 75 gold pieces
 16788 | D:14     | Found a hazy altar of Hepliaklqana.
 17214 | D:15     | Entered Level 15 of the Dungeon
 17357 | D:15     | Lost mutation: Your body is covered in eyes which may
                  | confuse attackers. (Acc +7, SInv) [Jiyva's grace]
 17357 | D:15     | Lost mutation: Your body has grown many eyes which may
                  | confuse attackers. (Acc +5) [Jiyva's grace]
 17357 | D:15     | Gained mutation: You have a small jelly attached to you
                  | that senses nearby items. [Jiyva's grace]
 17357 | D:15     | Gained mutation: Your rubbery body absorbs attacks. (AC +1,
                  | EV +1) [Jiyva's grace]
 17357 | D:15     | Gained mutation: Your pliable body absorbs attacks. (AC +2,
                  | EV +2) [Jiyva's grace]
 17357 | D:15     | Gained mutation: Your gelatinous body deflects attacks. (AC
                  | +3, EV +3) [Jiyva's grace]
 17430 | D:15     | Found a staircase to the Depths.
 17554 | D:15     | Reached skill level 15 in Shields
 17560 | D:15     | Reached XP level 16. HP: 149/149 MP: 15/15
 18052 | D:15     | Upgraded the game from 0.30-a0-949-g53dc5368d7 to
                  | 0.30-a0-953-g5f1da4a474
 18248 | Elf:1    | Paralysed by an air elemental for 1 turns
 18772 | Elf:2    | Found Cilutt's Armour Emporium.
 18817 | Elf:2    | Reached skill level 16 in Shields
 18905 | Elf:2    | Found Emiblim's Distillery.
 18912 | Elf:2    | Bought a potion of heal wounds for 55 gold pieces
 18959 | Elf:2    | Found a runed translucent gate.
 18960 | Elf:2    | Found a runed translucent gate.
 18960 | Elf:2    | Found a runed translucent gate.
 18986 | Elf:2    | Found Ymmomn's Armour Shop.
 19048 | Elf:2    | Found Ufocs's Distillery.
 19055 | Elf:2    | Bought a potion of heal wounds for 50 gold pieces
 19114 | Elf:2    | Found a runed translucent gate.
 19114 | Elf:2    | Found a runed translucent gate.
 19114 | Elf:2    | Found a runed translucent gate.
 19195 | Elf:2    | Noticed Asterion
 19218 | Elf:2    | Killed Asterion
 19219 | Elf:2    | Reached skill level 5 in Dodging
 19323 | Elf:2    | Lost mutation: Your spells are harder to cast, but more
                  | powerful. [Jiyva's grace]
 19323 | Elf:2    | Gained mutation: You have a moderately thin skeletal
                  | structure. (Dex +4, Stealth++) [Jiyva's grace]
 19323 | Elf:2    | Gained mutation: You have an unnaturally thin skeletal
                  | structure. (Dex +6, Stealth+++) [Jiyva's grace]
 19323 | Elf:2    | Gained mutation: Your spells are harder to cast, but more
                  | powerful. [Jiyva's grace]
 19323 | Elf:2    | Gained mutation: Your spells are much harder to cast, but
                  | much more powerful. [Jiyva's grace]
 19419 | Elf:2    | Noticed a deep elf blademaster
 19435 | Elf:2    | Killed a deep elf blademaster
 19449 | Elf:2    | Reached skill level 17 in Shields
 19629 | Elf:3    | Entered Level 3 of the Elven Halls
 19770 | Elf:3    | Reached XP level 17. HP: 160/160 MP: 16/16
 20002 | Elf:3    | Noticed an Ice Fiend
 20005 | Elf:3    | Noticed a deep elf blademaster
 20007 | Elf:3    | Noticed a deep elf blademaster
 20011 | Elf:3    | Noticed a deep elf master archer
 20013 | Elf:3    | Killed a deep elf blademaster
 20026 | Elf:3    | Noticed a deep elf master archer
 20332 | Slime:1  | Entered Level 1 of the Pits of Slime
 20332 | Slime:1  | Noticed an acid blob
 20509 | Slime:2  | Noticed an acid blob
 20538 | Slime:2  | Noticed an acid blob
 20539 | Slime:2  | Noticed an acid blob
 20579 | Slime:2  | Noticed an acid blob
 20669 | Slime:3  | Noticed an acid blob
 20797 | Slime:3  | Noticed an acid blob
 20812 | Slime:3  | Noticed an acid blob
 21253 | Slime:5  | Entered Level 5 of the Pits of Slime
 21261 | Slime:5  | Noticed an acid blob
 21417 | Slime:5  | Noticed an acid blob
 21445 | Slime:5  | Noticed an acid blob
 21446 | Slime:5  | Noticed an acid blob
 21447 | Slime:5  | Found a viscous altar of Jiyva.
 21448 | Slime:5  | Noticed an acid blob
 21452 | Slime:5  | Got the Reference Book on the Transmuted Tempest
 21454 | Slime:5  | Got a slimy rune of Zot
 21456 | Slime:5  | Identified the +12 morningstar of Distraction {protect,
                  | *Corrode rElec rF+}
 21460 | Slime:5  | Identified the amulet of Pib Upn {Regen+ rCorr Str+4}
 21460 | Slime:5  | Found the amulet of Vitality {RegenMP++ Regen++}
 21474 | Slime:5  | Noticed an acid blob
 21477 | Slime:5  | Identified the ring "Zixko" {Fire rN++ Str+5 Stlth+}
 21489 | Slime:5  | Identified the ring "Nylaphieh" {rPois rF++ rCorr Str-5
                  | Dex+3}
 21506 | Slime:5  | Identified the +0 leather armour "Caaggues" {rElec Regen+}
 21508 | Slime:5  | Identified the +5 ring mail of the Fiddle {rN+}
 21526 | Slime:5  | Identified the +0 pair of boots of Limitation {Will- Int+6}
 21559 | Slime:5  | Noticed an acid blob
 21633 | Slime:5  | Noticed the Royal Jelly
 21638 | Slime:5  | Noticed an acid blob
 21792 | Snake:1  | Entered Level 1 of the Snake Pit
 21829 | Snake:1  | Noticed Josephine
 21841 | Snake:1  | Killed Josephine
 21849 | Snake:1  | Noticed Kirke
 21861 | Snake:1  | Killed Kirke
 22248 | Snake:1  | Identified the +1 robe "Plog" {Int+3}
 22473 | Snake:1  | Lost mutation: You are mostly covered in iridescent scales.
                  | (AC +4) [Jiyva's grace]
 22473 | Snake:1  | Lost mutation: You have an unnaturally thin skeletal
                  | structure. (Dex +6, Stealth+++) [Jiyva's grace]
 22473 | Snake:1  | Lost mutation: Your gelatinous body deflects attacks. (AC
                  | +3, EV +3) [Jiyva's grace]
 22473 | Snake:1  | Gained mutation: You expend magic power (3 MP) to
                  | strengthen your wands. [Jiyva's grace]
 22473 | Snake:1  | Lost mutation: You have large cloven feet. [Jiyva's grace]
 22473 | Snake:1  | Gained mutation: You have sharp toenails. [Jiyva's grace]
 22473 | Snake:1  | Gained mutation: You have razor-sharp toenails. [Jiyva's
                  | grace]
 22473 | Snake:1  | Gained mutation: You have claws for feet. [Jiyva's grace]
 22984 | Snake:2  | Reached skill level 18 in Shields
 23076 | Snake:2  | Found Noaraim's Antique Weapon Emporium.
 23127 | Snake:2  | Found a transporter.
 23138 | Snake:2  | Found a shimmering blue altar of Sif Muna.
 23182 | Snake:2  | Identified the ring of Baukieg {rC+ Dex+6}
 23303 | Snake:2  | Found a transporter.
 24138 | Snake:3  | Reached skill level 1 in Evocations
 24235 | Snake:3  | Reached skill level 19 in Shields
 24318 | Snake:4  | Entered Level 4 of the Snake Pit
 24675 | Snake:4  | Noticed Aizul
 24694 | Snake:4  | Killed Aizul
 24776 | Snake:4  | Reached XP level 18. HP: 170/170 MP: 17/17
 25227 | Snake:4  | Found Bela's Jewellery Emporium.
 25228 | Snake:4  | Found Besac's Book Boutique.
 25230 | Snake:4  | Found Visaro's Jewellery Emporium.
 25477 | Snake:4  | Got a serpentine rune of Zot
 25761 | Swamp:1  | Entered Level 1 of the Swamp
 25776 | Swamp:1  | Lost mutation: You have claws for feet. [Jiyva's grace]
 25776 | Swamp:1  | Lost mutation: You have a moderately thin skeletal
                  | structure. (Dex +4, Stealth++) [Jiyva's grace]
 25776 | Swamp:1  | Lost mutation: Your spells are much harder to cast, but
                  | much more powerful. [Jiyva's grace]
 25776 | Swamp:1  | Lost mutation: Your spells are harder to cast, but more
                  | powerful. [Jiyva's grace]
 25776 | Swamp:1  | Lost mutation: Your pliable body absorbs attacks. (AC +2,
                  | EV +2) [Jiyva's grace]
 25776 | Swamp:1  | Lost mutation: Your translucent skin slightly reduces your
                  | foes' accuracy. (Stealth+) [Jiyva's grace]
 25776 | Swamp:1  | Lost mutation: You have a small jelly attached to you that
                  | senses nearby items. [Jiyva's grace]
 25776 | Swamp:1  | Gained mutation: You are covered in slimy tendrils that may
                  | disarm your opponents. [Jiyva's grace]
 25776 | Swamp:1  | Gained mutation: Your natural rate of healing is unusually
                  | fast. [Jiyva's grace]
 25776 | Swamp:1  | Gained mutation: You heal very quickly. [Jiyva's grace]
 25776 | Swamp:1  | Gained mutation: You regenerate. [Jiyva's grace]
 25843 | Swamp:1  | Found a transporter.
 25846 | Swamp:1  | Noticed Rudyous's ghost (adept GnFE)
 25852 | Swamp:1  | Found a transporter.
 25853 | Swamp:1  | Identified the +2 pair of boots of the Moon {rElec Str+6
                  | Int+2 Slay-6}
 25901 | Swamp:1  | Killed Rudyous's ghost
 26084 | Swamp:1  | Paralysed by a fenstrider witch for 3 turns
 26086 | Swamp:1  | Reached skill level 20 in Shields
 26398 | Swamp:2  | Found a bloodstained altar of Trog.
 26580 | Swamp:2  | Found a basalt altar of Yredelemnul.
 26772 | Swamp:3  | Noticed Nikola
 26781 | Swamp:3  | Killed Nikola
 26816 | Swamp:3  | Reached skill level 5 in Evocations
 27358 | Swamp:4  | Entered Level 4 of the Swamp
 27358 | Swamp:4  | Lost mutation: You are partially covered in iridescent
                  | scales. (AC +2) [Jiyva's grace]
 27358 | Swamp:4  | Lost mutation: You have a somewhat thin skeletal structure.
                  | (Dex +2, Stealth+) [Jiyva's grace]
 27358 | Swamp:4  | Lost mutation: You regenerate. [Jiyva's grace]
 27358 | Swamp:4  | Gained mutation: You have a somewhat thin skeletal
                  | structure. (Dex +2, Stealth+) [Jiyva's grace]
 27358 | Swamp:4  | Gained mutation: You have a moderately thin skeletal
                  | structure. (Dex +4, Stealth++) [Jiyva's grace]
 27358 | Swamp:4  | Gained mutation: You have an unnaturally thin skeletal
                  | structure. (Dex +6, Stealth+++) [Jiyva's grace]
 27358 | Swamp:4  | Gained mutation: Your skin changes colour to match your
                  | surroundings (Stealth+). [Jiyva's grace]
 27594 | Swamp:4  | Got a decaying rune of Zot
 27638 | Swamp:4  | Reached skill level 21 in Shields
 27638 | Swamp:4  | Reached XP level 19. HP: 167/179 MP: 18/18
 28222 | Vaults:1 | Entered Level 1 of the Vaults
 29197 | Vaults:1 | Lost mutation: You have a pair of large horns on your head.
                  | [Jiyva's grace]
 29197 | Vaults:1 | Lost mutation: Your skin changes colour to match your
                  | surroundings (Stealth+). [Jiyva's grace]
 29197 | Vaults:1 | Lost mutation: You possess an exceptional clarity of mind.
                  | [Jiyva's grace]
 29197 | Vaults:1 | Lost mutation: You heal very quickly. [Jiyva's grace]
 29197 | Vaults:1 | Lost mutation: You are covered in slimy tendrils that may
                  | disarm your opponents. [Jiyva's grace]
 29197 | Vaults:1 | Gained mutation: You have a pair of large horns on your
                  | head. [Jiyva's grace]
 29197 | Vaults:1 | Gained mutation: Your flesh is heat resistant. (rF+)
                  | [Jiyva's grace]
 29197 | Vaults:1 | Gained mutation: Your flesh is very heat resistant. (rF++)
                  | [Jiyva's grace]
 29197 | Vaults:1 | Gained mutation: Your flesh is almost immune to the effects
                  | of heat. (rF+++) [Jiyva's grace]
 29402 | Vaults:2 | Found a staircase to the Crypt.
 30284 | Vaults:2 | Reached skill level 22 in Shields
 30582 | Vaults:3 | Reached skill level 5 in Maces & Flails
 30619 | Vaults:3 | Reached XP level 20. HP: 191/191 MP: 19/19
 30986 | Vaults:3 | Lost mutation: You have razor-sharp toenails. [Jiyva's
                  | grace]
 30986 | Vaults:3 | Lost mutation: Your spells are a little harder to cast, but
                  | a little more powerful. [Jiyva's grace]
 30986 | Vaults:3 | Lost mutation: You have acidic saliva. [Jiyva's grace]
 30986 | Vaults:3 | Lost mutation: You have a small jelly attached to you that
                  | may absorb projectiles. [Jiyva's grace]
 30986 | Vaults:3 | Gained mutation: You are agile. (Dex +4, Str/Int -1)
                  | [Jiyva's grace]
 30986 | Vaults:3 | Gained mutation: You are very agile. (Dex +8, Str/Int -2)
                  | [Jiyva's grace]
 30986 | Vaults:3 | Gained mutation: You possess an exceptional clarity of
                  | mind. [Jiyva's grace]
 30986 | Vaults:3 | Gained mutation: You have razor-sharp toenails. [Jiyva's
                  | grace]
 31635 | Vaults:4 | Found a crumbling gateway.
 31646 | Desolati | Entered the Desolation of Salt
 31723 | Desolati | Identified the amulet of Equilibrium {Acrobat Int+4}
 31749 | Desolati | Identified the +1 plate armour of Infinity {rF++ Will- MP+9
                  | Int+2}
 31796 | Desolati | Identified the orb of Ignis's Reproof {light, rPois SInv}
 31841 | Desolati | Identified the ring of Eternal Harmony {rN+ MP+9 Str+3
                  | Dex-2}
 32069 | Desolati | Identified the +7 rapier of Xom's Hope {heavy, rN+ Will+}
 32102 | Desolati | Identified the staff of air "Qanupucod" {rElec rC+ Int+2}
 32186 | Desolati | Identified the +8 hand axe "Sarcophage" {venom, Str+4
                  | Stlth+}
 32641 | Vaults:4 | Found a portal to a secret trove of treasure.
 32852 | Vaults:4 | Lost mutation: You have a pair of large horns on your head.
                  | [Jiyva's grace]
 32852 | Vaults:4 | Lost mutation: You have razor-sharp toenails. [Jiyva's
                  | grace]
 32852 | Vaults:4 | Lost mutation: You have an unnaturally thin skeletal
                  | structure. (Dex +6, Stealth+++) [Jiyva's grace]
 32852 | Vaults:4 | Lost mutation: You are very agile. (Dex +8, Str/Int -2)
                  | [Jiyva's grace]
 32852 | Vaults:4 | Lost mutation: Your rubbery body absorbs attacks. (AC +1,
                  | EV +1) [Jiyva's grace]
 32852 | Vaults:4 | Gained mutation: Your melee attacks may engulf your foes in
                  | ooze. [Jiyva's grace]
 32852 | Vaults:4 | Gained mutation: You have a small jelly attached to you
                  | that senses nearby items. [Jiyva's grace]
 32852 | Vaults:4 | Gained mutation: You are strong-willed. (Will+) [Jiyva's
                  | grace]
 32852 | Vaults:4 | Gained mutation: You are highly strong-willed. (Will++)
                  | [Jiyva's grace]
 32879 | Vaults:4 | Reached skill level 23 in Shields
 32890 | Vaults:4 | Found Roz Xus's Armour Shop.
 33026 | Vaults:4 | Reached skill level 10 in Maces & Flails
 33085 | Vaults:4 | Reached XP level 21. HP: 186/200 MP: 20/20
 33408 | Vaults:5 | Entered Level 5 of the Vaults
 33518 | Vaults:5 | Noticed an ancient lich
 33547 | Vaults:5 | Noticed a dread lich
 33549 | Vaults:5 | Noticed a golden dragon
 33565 | Vaults:5 | Killed a golden dragon
 33570 | Vaults:5 | Killed a dread lich
 33571 | Vaults:5 | Reached skill level 10 in Evocations
 33747 | Vaults:5 | Noticed a golden dragon
 33765 | Vaults:5 | Killed a golden dragon
 33914 | Vaults:5 | Killed from afar by a lich

Illustrated notes

Levels and vault maps discovered:
D:1:      amcnicky_arrival_double_pillar, layout_basic,
          shapermc_ecumenical_altar_starsandcircs
D:2:      layout_basic
D:3:      layout_basic, zin_purify, minmay_misc_feat_secret_circle
D:4:      minmay_chambers_of_fours, layout_loops_ring, uniq_robin
D:5:      layout_basic, gammafunk_ghost_necromancy, serial_shops, shop,
          uniq_eustachio
D:6:      kennysheep_spiral_hall, layout_basic,
          lightli_ossuary_entry_decrepit_ruins, uniq_maggie
D:7:      layout_basic, temple_hall, serial_bayou_lagoon_a
D:8:      layout_basic, uniq_erica, uniq_maurice, uniq_pikel
D:9:      layout_rooms, corner_web_ring, uniq_gastronok
D:10:     minmay_the_grid_3x2 [minmay_the_grid_mess, minmay_the_grid_small_cups,
          minmay_the_grid_garden, minmay_the_grid_stretched_grid,
          minmay_the_grid_square_x, minmay_the_grid_prize_diamond_cup],
          layout_loops_ring, hiddenorc2_lemuel
D:11:     layout_cave_pools, lair_entry_dummy, gauntlet_entry_generic,
          gammafunk_ghost_icy, fedhas_ov_isle_minmay
D:12:     layout_irregular_city, serial_ice, serial_ice_c, serial_ice_g,
          serial_ice_h, serial_ice_d, portal_ice_cave_entry_imps,
          lemuel_flamethrower_hall, uniq_fannar
D:13:     minmay_general_purpose_star, layout_cave_pools, david_vaults_2
D:14:     layout_long_grid, nzn_hepliaklqana_mist_gate, serial_shops, shop
D:15:     hangedman_depths_entry_try_elsewhere_first, layout_long_grid,
          special_room [special_room_mythical_zoo],
          hangedman_decor_clover_reticule
Lair:1:   layout_concentric_octagons
Lair:2:   layout_long_grid, swamp_mist, gammafunk_ghost_grave, uniq_urug
Lair:3:   layout_chaotic_city, minmay_snake_entry_six_corridors, basic_altar,
          beast_lair_carwin_6, uniq_rupert
Lair:4:   layout_cave_pods
Lair:5:   due_jungle_book, layout_cave_pods, slime_entry_1, nzn_ghost_randoct,
          nicolae_lair_liquid_snakes
Swamp:1:  layout_falls_marsh, gammafunk_ghost_mausoleum,
          evilmike_swamp_ruin_rubble_1, infiniplex_staircase_pool
Swamp:2:  layout_basic_swamp, basic_altar, nicolae_swamp_godswood
Swamp:3:  layout_basic_swamp, nicolae_swamp_small_spring, uniq_nikola
Swamp:4:  swamp_fiery, layout_basic_swamp
Snake:1:  layout_layer_cave, uniq_josephine, uniq_kirke
Snake:2:  gammafunk_sealed_library, layout_cave_shapes, serial_shops,
          shop_fountains
Snake:3:  layout_misc_corridors, serial_bayou_shore_b, grunt_megastairs_3
Snake:4:  minmay_snake_end_coiled, layout_layer_cave, minmay_shop_grove,
          uniq_aizul
Slime:1:  layout_caves
Slime:2:  layout_caves
Slime:3:  layout_caves
Slime:4:  layout_caves
Slime:5
Orc:1:    layout_diamond_mine, gammafunk_ghost_smash, uniq_erolcha
Orc:2:    st_orc_rangers, layout_caves
Elf:1:    elf_arrival_001, layout_rooms, minivault_28, st_stairs_4
Elf:2:    nicolae_elf_blades_crystal_corner, layout_geoelf_grid, serial_shops,
          shop, nicolae_shop_advertising_works [nicolae_subvault_shop_adworks],
          shop_statue, nicolae_shop_temple_entry_statues_fountains,
          amcnicky_mini_pool_small, nicolae_elf_hall_of_bonks, uniq_asterion
Elf:3:    elf_hall, layout_loops_cross
Vaults:1: v_misc_4, v_pattern_2, v_misc_3, v_misc_3,
          nicolae_vaults_network_star, v_alt_pattern_3, layout_vaults_omnigrid
Vaults:2: v_rooms_6, ontoclasm_vaults_claustrophobia, vaults_room_boxed,
          v_alt_pattern_6, minmay_crypt_entry_simple_corners, v_misc_29,
          st_diamondy, v_misc_10, nicolae_vaults_network_square,
          ontoclasm_vaults_ligature, vaults_dpeg_cross, vaults_dpeg_hooks,
          nicolae_vaults_little_ls, vaults_dpeg_encased_lava,
          layout_vaults_big_cross, serial_shops
Vaults:3: v_pattern_1, hangedman_vaults_corner_blocks,
          nicolae_vaults_mini_display_case, v_misc_8, hangedman_vaults_locks,
          st_lattice, grunt_vaults_twisty, v_rooms_2, v_misc_5,
          vaults_dpeg_emergency_exit, layout_vaults_big_room
Vaults:4: portal_desolation_entry_garden, vaults_mumra_chevron_long,
          nicolae_vaults_circle_grid_a, v_misc_26, ontoclasm_vaults_gateway,
          hangedman_vaults_restitches, ontoclasm_vaults_ring_square,
          nicolae_vaults_statue_guard, v_pattern_4,
          nicolae_vaults_specimen_jars, nicolae_vaults_network_periphery,
          layout_vaults_omnibox, enter_trove_2, serial_shops, shop
Vaults:5

Skill      XL: |  1  2  3  4  5  6  7  8  9 10 11 12 13 14 15 16 17 18 19 20 21 |
---------------+----------------------------------------------------------------+-----
Armour         | 4 5 6 7 8 10 11 12 14 15 16 17 18 | 18.6
Fighting       | 4 5 6 7 9 10 11 12 14 15 16 17 18 19 20 | 20.4
Shields        | 4 5 6 7 8 9 10 11 13 15 17 19 21 22 23 | 23.6
Axes           | 3 4 8 11 13 15 16 17 18 19 | 19.3
Dodging        | 1 2 3 4 5 6 7 8 9 |  9.0
Polearms       | 1 2 4 8 10 12 13 | 13.2
Maces & Flails | 1 4 5 10 12 | 12.6
Stealth        | 3 5 6 7 8 9 |  9.0
Evocations     | 2 5 7 9 10 | 10.2

Action                     |  1- 3 |  4- 6 |  7- 9 | 10-12 | 13-15 | 16-18 | 19-21 || total
---------------------------+-------+-------+-------+-------+-------+-------+-------++-------
  Melee: War axe           |    45 |    15 |       |    15 |   144 |   426 |   325 ||   970
         Headbutt          |     4 |    11 |    47 |   109 |   268 |   297 |   320 ||  1056
         Pseudopods        |       |    10 |    45 |    91 |   278 |   283 |   310 ||  1017
         Spear             |       |    81 |   344 |   349 |       |       |       ||   774
         Hand axe          |       |       |       |   247 |   926 |   830 |   284 ||  2287
         Mace              |       |       |       |    12 |     8 |    35 |       ||    55
         Flail             |       |       |       |     4 |       |       |       ||     4
         Kick              |       |       |       |       |   225 |   320 |   527 ||  1072
         Bite              |       |       |       |       |   128 |   190 |    74 ||   392
         Morningstar       |       |       |       |       |       |       |   422 ||   422
         Dagger            |       |       |       |       |       |       |     1 ||     1
  Throw: Javelin           |       |     4 |     1 |       |       |       |       ||     5
         Dart              |       |       |       |       |     5 |       |       ||     5
 Invoke: Slimify           |       |       |       |     2 |     1 |       |       ||     3
  Evoke: Wand              |       |       |       |       |       |       |     1 ||     1
    Use: Scroll            |       |       |     7 |     3 |    20 |     6 |     5 ||    41
         Potion            |       |       |     1 |     3 |     1 |     3 |     4 ||    12
   Stab: Confused          |       |       |       |       |    40 |    13 |    10 ||    63
         Sleeping          |       |       |       |       |     3 |    20 |    16 ||    39
         Distracted        |       |       |       |       |     2 |     5 |     2 ||     9
 Armour: Scale mail        |     6 |       |       |       |       |       |       ||     6
         Plate armour      |    12 |    18 |    35 |   154 |    91 |       |   100 ||   410
         Chain mail        |       |       |       |       |   182 |   272 |    80 ||   534
         Storm dragon scal |       |       |       |       |       |       |     4 ||     4
  Dodge: Dodged            |    38 |    37 |   112 |   226 |   262 |   273 |   335 ||  1283
  Block: Buckler           |    20 |    12 |    48 |   149 |    31 |       |       ||   260
         Kite shield       |       |       |       |       |   332 |       |       ||   332
         Tower shield      |       |       |       |       |   276 |  1354 |  1285 ||  2915

Table legend: (Time is in decaauts)
 A = Elapsed time spent in this place.
 B = Non-inter-level travel time spent in this place.
 C = Inter-level travel time spent in this place.
 D = Time resting spent in this place.
 E = Time spent auto-exploring this place.
 F = Levels seen in this place.
 G = Mean time per level.
                   A        B        C        D        E       F      G
               +--------+--------+--------+--------+--------+-----+--------+
         Total |  32960 |  31433 |   1527 |    402 |  21471 |  47 |  701.3 |
       Dungeon |  11300 |  10819 |    481 |      0 |   8303 |  15 |  753.3 |
          Lair |   4128 |   3771 |    357 |    213 |   2593 |   5 |  825.6 |
         Swamp |   2278 |   2153 |    125 |      0 |   1399 |   4 |  569.5 |
     Snake Pit |   3801 |   3673 |    128 |      0 |   2630 |   4 |  950.2 |
    Slime Pits |   1374 |   1270 |    104 |      0 |   1085 |   5 |  274.8 |
  Orcish Mines |    878 |    796 |     82 |      0 |    464 |   2 |  439.0 |
   Elven Halls |   2432 |   2351 |     81 |     60 |   1196 |   3 |  810.7 |
        Vaults |   4627 |   4460 |    167 |    129 |   3015 |   5 |  925.4 |
       Ossuary |    186 |    186 |      0 |      0 |     80 |   1 |  186.0 |
      Ice Cave |    565 |    565 |      0 |      0 |    265 |   1 |  565.0 |
    Desolation |    890 |    890 |      0 |      0 |    440 |   1 |  890.0 |
      Gauntlet |    496 |    496 |      0 |      0 |      0 |   1 |  496.0 |
               +--------+--------+--------+--------+--------+-----+--------+

Top non-repeatable levels by time:
 Snake:4: 1306 daAuts
  Lair:5: 1288 daAuts
Vaults:2: 1179 daAuts
  Lair:4: 1159 daAuts
Vaults:1: 1065 daAuts
 Snake:1: 1055 daAuts
Vaults:3: 1024 daAuts
     D:2: 974 daAuts
   Elf:2: 966 daAuts
   Elf:1: 933 daAuts
Vaults:4: 911 daAuts
     D:6: 892 daAuts
Desolation: 890 daAuts
    D:10: 848 daAuts
     D:3: 847 daAuts
